 Dungeon Crawl Stone Soup version 0.23-a0-333-g006994f (webtiles) character file.

296 Faust the Conjurer (level 6, -5/32 HPs)
             Began as a Deep Elf Conjurer on Oct 17, 2018.
             Was an Initiate of Sif Muna.
             Killed by divine providence
             ... invoked by an orc priest
              (13 damage)
             ... on level 3 of the Dungeon.
             The game lasted 00:24:22 (3002 turns).

Faust the Conjurer (Deep Elf Conjurer)              Turns: 3002, Time: 00:24:22

Health: -5/32      AC:  3    Str:  5    XL:     6   Next: 12%
Magic:  6/15       EV: 13    Int: 22    God:    Sif Muna [......]
Gold:   205        SH:  0    Dex: 15    Spells: 4/15 levels left

rFire    . . .     SeeInvis .   e - +0 dagger
rCold    . . .     Gourm    .   (no shield)
rNeg     . . .     Faith    .   a - +1 robe
rPois    .         Spirit   .   i - +0 hat
rElec    .         Reflect  .   (no cloak)
rCorr    .         Harm     .   (no gloves)
MR       .....                  (no boots)
Stlth    +++.......             (no amulet)
HPRegen  0.10/turn              (no ring)
MPRegen  0.14/turn              (no ring)

@: hasted, very quick
A: no striking features
a: Renounce Religion


You were on level 3 of the Dungeon.
You worshipped Sif Muna.
Sif Muna was noncommittal.
You were hungry.

You visited 1 branch of the dungeon, and saw 3 of its levels.

You collected 205 gold pieces.

Inventory:

Hand Weapons
 e - a +0 dagger (weapon)
Missiles
 n - 3 silver tomahawks (quivered)
Armour
 a - a +1 robe (worn)
 i - a +0 hat (worn)
Wands
 b - a wand of polymorph (6)
 l - a wand of iceblast (5)
Scrolls
 f - 4 scrolls of magic mapping
 h - a scroll of fear
 j - 2 scrolls of identify
Potions
 d - 3 potions of curing {unknown}
 g - 3 potions of flight
 k - a potion of haste
 m - a potion of brilliance
Comestibles
 c - 5 rations


   Skills:
 + Level 2.8 Dodging
 + Level 3.9 Stealth
 + Level 5.2 Spellcasting
 + Level 6.5 Conjurations
 + Level 0.2 Hexes


You had 4 spell levels left.
You knew the following spells:

 Your Spells              Type           Power        Failure   Level  Hunger
a - Magic Dart            Conj           ####         1%          1    None
b - Searing Ray           Conj           ####..       1%          2    None
c - Iskenderun's Mystic   Conj           ####....     7%          4    ####...
d - Fulminant Prism       Conj/Hex       ###.......   24%         4    ####...

Your spell library contained the following spells:

 Spells                   Type           Power        Failure   Level  Hunger
 Dazzling Spray           Conj/Hex       ###...       8%          3    ##.....
 Force Lance              Conj/Tloc      ###.....     26%         4    ####...


Dungeon Overview and Level Annotations

Branches:
Dungeon (3/15)

Altars:
Gozag
Nemelex Xobeh
Sif Muna
Uskayaw


Message History

Press: ? - help, Shift-Dir - straight line, f/p - orc priest
Aim: an orc priest, wielding a +0 hand axe (lightly wounded)
The magic dart hits the orc priest.
The orc priest is moderately wounded.
An orc priest comes into view. It is wielding a +0 dagger.
Casting: Magic Dart (safe; 1% risk of failure)
Confirm with . or Enter, or press ? or * to list all spells.
Aiming: Magic Dart (safe; 1% risk of failure)
Press: ? - help, Shift-Dir - straight line, f/p - orc priest
Aim: an orc priest, wielding a +0 hand axe (moderately wounded)
The magic dart hits the orc priest.
The orc priest is severely wounded.
The orc priest invokes the aid of Beogh against you.
Beogh smites you!
* * * LOW HITPOINT WARNING * * *
It was a potion of haste.
You feel yourself speed up.
The orc priest looks braver for a moment.
The orc priest mumbles some strange prayers to Beogh against you.
Beogh smites you!
You die...

#### #.. . #.#
.)..########.####
..)).oo.........#
....########@##.#
# . #)##.##.#
#..<....#
####.#### #...#
#.### #.# ... #.#
..... #.#


You could see 2 orc priests.

Vanquished Creatures
  2 orc wizards (D:3)
  Jessica (D:2)
  Ijyb (D:3)
  Terence (D:1)
  6 adders
  2 oozes
  8 worms
  2 dart slugs
  A leopard gecko (D:1)
  5 orcs (D:3)
  4 giant cockroaches
  7 hobgoblins
  2 jackals (D:2)
  6 kobolds
  A quokka (D:3)
  9 bats
  A frilled lizard (D:3)
  11 goblins
  6 rats
76 creatures vanquished.

Vanquished Creatures (others)
  2 fulminant prisms (D:3)
2 creatures vanquished.

Grand Total: 78 creatures vanquished

Notes
Turn   | Place    | Note
-------+----------+-------------------------------------------
     0 | D:1      | Faust the Deep Elf Conjurer began the quest for the Orb.
     0 | D:1      | Reached XP level 1. HP: 10/10 MP: 6/6
   162 | D:1      | Reached XP level 2. HP: 15/15 MP: 6/8
   166 | D:1      | Learned a level 2 spell: Searing Ray
   384 | D:1      | Reached skill level 5 in Conjurations
   793 | D:1      | Reached XP level 3. HP: 19/19 MP: 6/9
   839 | D:2      | Noticed Terence
   925 | D:1      | Killed Terence
  1182 | D:2      | Gained mutation: Your spells are a little easier to cast,
                  | but a little less powerful. [potion of mutation]
  1182 | D:2      | Lost mutation: Your spells are a little easier to cast, but
                  | a little less powerful. [potion of mutation]
  1188 | D:2      | Reached XP level 4. HP: 24/24 MP: 5/11
  1230 | D:2      | Learned a level 4 spell: Iskenderun's Mystic Blast
  1300 | D:2      | Noticed Jessica
  1312 | D:2      | Killed Jessica
  1588 | D:2      | Reached skill level 6 in Conjurations
  1600 | D:2      | Reached XP level 5. HP: 28/28 MP: 6/13
  1606 | D:2      | Learned a level 4 spell: Fulminant Prism
  1694 | D:2      | Found a sparkling altar of Nemelex Xobeh.
  2249 | D:3      | Found a hide-covered altar of Uskayaw.
  2286 | D:3      | Noticed Ijyb
  2290 | D:3      | Killed Ijyb
  2290 | D:3      | Reached skill level 5 in Spellcasting
  2476 | D:3      | Reached XP level 6. HP: 29/32 MP: 1/15
  2719 | D:3      | Found an opulent altar of Gozag.
  2829 | D:3      | Found a deep blue altar of Sif Muna.
  2835 | D:3      | Became a worshipper of Sif Muna the Loreminder
  3002 | D:3      | Killed from afar by an orc priest

Vault maps used:
D:1:      eino_arrival_cavern_e
D:2:      nemelex_xobeh_ov_fountains_minmay, first_ration, minmay_pentomino_p2,
          uniq_terence, uniq_jessica
D:3:      old_standard_altar, nicolae_gozag_cash_rules_everything_around_me,
          eat_drink_and_be_merry_uskayaw, serial_bayou_ford_a, uniq_ijyb

Skill      XL: |  1  2  3  4  5 |
---------------+----------------+-----
Conjurations   | 5 6 |  6.5
Stealth        | 3 |  3.9
Spellcasting   | 4 5 |  5.2
Dodging        | |  2.8
Hexes          | |  0.2

Action                   |  1- 3 |  4- 6 || total
-------------------------+-------+-------++-------
Melee: Unarmed           |       |     1 ||     1
       Dagger            |       |     6 ||     6
Throw: Tomahawk          |       |     3 ||     3
 Cast: Magic Dart        |    41 |    57 ||    98
       Searing Ray       |     8 |    19 ||    27
       Iskenderun's Myst |       |     4 ||     4
       Fulminant Prism   |       |     2 ||     2
Evoke: Wand              |       |     2 ||     2
  Use: Scroll            |     5 |       ||     5
       Potion            |     1 |     3 ||     4
  Eat: Ration            |       |     2 ||     2
Armor: Robe              |       |     5 ||     5
Dodge: Dodged            |     6 |    16 ||    22

Table legend:
 A = Non-vault XP
 B = Vault XP
 C = Vault XP percentage of total XP
 D = Non-vault monster count
 E = Vault monster count
 F = Vault count percentage of total count
                 A         B        C        D         E       F
            +---------+---------+-------+---------+---------+-------
      Total |     300 |     124 |  29.2 |      71 |       5 |   6.6
            +---------+---------+-------+---------+---------+-------
        D:1 |      41 |      36 |  46.8 |      19 |       1 |   5.0
        D:2 |     125 |      52 |  29.4 |      31 |       3 |   8.8
        D:3 |     134 |      36 |  21.2 |      21 |       1 |   4.5
            +---------+---------+-------+---------+---------+-------
